← All builds
Tech / Armada / Economy first / OBSERVED BUILD

Standard tech

Armada Tech (Eco) build order · Supreme Isthmus

Rushes T2 factory and Advanced Metal Extractor while supplying T2 and T1 constructors to teammates like Geo, then transitions into Citadel/Platypus/Umbrella defence as the game develops.

Usually first T2 con to Geo (85%)

#eco #t2 #team support · 766 distinct matches · 108 players · 59% of Armada Tech games · team won 53% of 887 · Recently observed

HOW TO PLAY IT

Key timing: T2 lab by 4:15

  1. Take 3 mex, then wind and a Bot Lab to open eco fast.
  2. Push T2 lab out, aim to pass T2 to air player.
  3. Get first T2 constructor building, prioritize mex upgrades over eco.
  4. Finish Advanced Metal Extractor, keep upgrading team's mex.
  5. Add fus and anti-nuke, keep feeding T2 cons and Umbrella/Citadel to team.

Phase by phase

TYPICAL OF ITS 766 GAMES
  1. 1
  2. 2
  3. 3
  4. 4
PLAY THE OPENING

Follow the example game's first 6:00 step by step: what to build now, what comes next, and where it goes. At 1× it keeps pace with your own game.

  1. 1

    Up to the Bot Lab

    Economy
    • Metal Extractor3Mex
    • Wind Turbine4Wind
    Order
    1. Bot LabBot Lab after 3 mex, 4 winddone ~1:17, middle half 1:13–1:32

    By 1:01 in all: 3 mex · 4 wind

    The example game in this phase · 3 steps
    1. Mex ×3
    2. Wind ×4
    3. Bot LabBot Labdone 1:17 · typical 1:17
  2. 2

    Bot Lab to Advanced Bot Lab

    Economy
    • Metal Extractor1Mex
    • Wind Turbine8Wind
    • Energy Storage1Energy storage
    Order
    1. Advanced Bot LabAdvanced Bot Lab after 4 mex, 12 wind, 3 con turretdone ~4:15, middle half 4:04–4:27
    Builders
    • Construction Turret3 Con turret
    • Lazarus3 Lazarus
    • Construction Bot2 Con bot
    • Construction Bot1 Con bot for allies

    Some games also: converter (36%)

    By 3:19 in all: 4 mex · 12 wind · 1 energy storage · 3 con turret

    The example game in this phase · 20 steps
    1. LazarusLazarus
    2. Wind
    3. LazarusLazarus
    4. Wind ×3
    5. Construction BotCon botfor Air
    6. Wind
    7. Construction BotCon bot
    8. Wind ×2
    9. Construction BotCon bot
    10. Con turret
    11. Wind
    12. LazarusLazarus
    13. Con turret
    14. Wind
    15. Con turret
    16. Wind
    17. Mex
    18. Wind
    19. Energy storage
    20. Advanced Bot LabAdvanced Bot Labdone 4:14 · typical 4:15
  3. 3

    Advanced Bot Lab to 5:00

    Economy
    • Wind Turbine2Wind
    Builders
    • Advanced Construction Bot1 T2 con bot for allies

    Some games also: converter (36%)

    By 5:00 in all: 4 mex · 15 wind · 2 converter · 1 energy storage · 3 con turret

    The example game in this phase · 6 steps
    1. Wind ×4
    2. Converter
    3. Advanced Construction BotT2 con botfor Geo
    4. Converter
    5. Advanced Metal ExtractorT2 mexdone 5:21 · typical 5:29
    6. Converter
  4. 4

    5:00 to 10:00

    Economy
    • Wind Turbine44Wind
    • Energy Converter6Converter
    Builders
    • Butler8 Butler
    • Advanced Construction Bot4 T2 con bot for allies
    • Advanced Construction Bot1 T2 con bot

    Some games also: con turret (47%) · Butler for allies (38%)

    By 10:00 in all: 4 mex · 59 wind · 8 converter · 1 energy storage · 3 con turret

    The example game in this phase · 142 steps
    1. Converter
    2. Advanced Construction BotT2 con botfor Air
    3. Converter
    4. Advanced Metal ExtractorT2 mex
    5. Converter ×2
    6. Advanced Metal ExtractorT2 mex
    7. Converter
    8. Advanced Construction BotT2 con botfor Geo sea
    9. Wind
    10. Advanced Construction BotT2 con botfor Pond
    11. Wind
    12. Advanced Construction BotT2 con botfor Suicide front
    13. Advanced Metal ExtractorT2 mex
    14. Wind ×2
    15. Advanced Construction BotT2 con bot ×2for Beach sea
    16. Wind ×2
    17. ButlerButler
    18. Wind
    19. ButlerButler ×2
    20. Wind
    21. ButlerButler
    22. Wind
    23. ButlerButler
    24. Wind ×2
    25. ButlerButler
    26. Wind ×2
    27. ButlerButler
    28. Wind ×3
    29. ButlerButler
    30. ChainsawChainsaw
    31. Wind ×16
    32. ButlerButler
    33. Wind ×3
    34. ButlerButler
    35. Wind ×2
    36. ButlerButler
    37. Wind ×3
    38. ButlerButler
    39. Wind ×5
    40. ButlerButler
    41. Wind ×11
    42. ButlerButler
    43. Wind ×6
    44. ButlerButler
    45. Wind ×6
    46. ButlerButler
    47. Wind ×5
    48. ButlerButler
    49. Wind ×8
    50. ButlerButler
    51. Wind ×9
    52. Converter
    53. Wind ×11
    54. Converter
    55. Wind ×7
    56. Converter
    57. Wind ×8
    58. Converter
    59. Wind ×7
    60. Converter
    61. Wind ×9
    62. Converter
    63. Wind ×5
    64. ButlerButler
    65. Wind
    66. Converter
    67. Wind ×8
    68. Converter
    69. Wind
    70. Converter
    71. Wind ×7
    72. Converter
    73. Wind ×10
    74. Converter
    75. Wind ×2
    76. ButlerButler
    77. Converter
    78. Wind ×5
    79. Converter
    80. Wind ×7
    81. Converter
    82. Wind ×7
    83. Converter
    84. Wind ×2
    85. Converter
    86. Wind ×2
    87. ButlerButler
    88. Wind ×3
    89. Converter
    90. Wind ×4
    91. Converter
    92. Wind ×5
    93. Converter
    94. Wind ×3
    95. Metal storage
    96. Wind
    97. UmbrellaAnti-nukedone 13:25
    98. Wind
    99. Converter
    100. Wind ×2
    101. Advanced Construction BotT2 con bot
    102. Converter
    103. Fusion ReactorFusiondone 14:03
    104. Con turret ×4
    105. T2 converter
    106. Converter
    107. Con turret
    108. Converter
    109. Wind ×4
    110. Converter
    111. Wind ×2
    112. Converter
    113. Wind
    114. Converter
    115. Wind ×4
    116. Converter
    117. Wind ×3
    118. Converter
    119. Wind ×3
    120. T2 converter
    121. Wind
    122. Converter
    123. Con turret
    124. Wind ×6
    125. Con turret
    126. Converter
    127. Wind ×2
    128. Converter
    129. Wind ×5
    130. Converter
    131. Con turret
    132. Wind
    133. Converter
    134. Con turret
    135. Wind ×5
    136. Con turret
    137. Wind
    138. Converter
    139. Wind ×4
    140. Converter
    141. Wind ×2
    142. Con turret

Counts are medians over the build's games: half of them build more, half fewer. The example game is FakeOS's (35 OS, 05/09/2026); pick another.

Team trades

IN AT LEAST 30% OF ITS GAMES

You hand over

  • Construction Bot1 Con bot to Airfirst at 2:22 · in 88% of games
  • Advanced Construction Bot5 T2 con bot to Air or Pond or Geo seafirst at 4:46 · in 99% of games
  • Sharpshooter2 Sniper bot to Pondfirst at 5:21 · in 33% of games
  • Butler2 Butler to Geo sea or Beach sea or Pondfirst at 9:03 · in 42% of games

You get

  • Hercules1 Light transport from Airfirst at 4:00 · in 86% of games

How it plays out

Typical game of this build, running totals by minute

Metal produced

020k40k
0:005:0010:0015:00

metal

Enemy metal destroyed

0200400
0:005:0010:0015:00

metal

Own metal lost

0100200300
0:005:0010:0015:00

metal

887 games.

Show as table
ByMetal produced: This buildEnemy metal destroyed: This buildOwn metal lost: This build
1:0038300
2:0091500
3:00164300
4:00315100
5:00486600
6:00580800
7:00723300
8:00907500
9:001125100
10:001358200
11:001641400
12:002001000
13:002378500
14:002754490104
15:0031615323204
WHAT THE NUMBERS SAY

This is the role's baseline and wins slightly more than half its games with a huge metal lead but almost no kills, showing its value is economic not combat.

  • + Produces 31389 metal by 15:00, far above other roles.
  • + Reaches T2 lab and constructor by 4:15-4:33 almost every game.
  • − Barely destroys any enemy metal (400 by 15:00), no combat presence.
  • − Fusion Reactor and anti-nuke only land in 44% of games.
THE EXAMPLE YOU ARE READING

FakeOS

35.1 OS · 05/09/2026

Open source match ↗

2 received units · includes a constructor
738 metal received · 39324 energy received

Allied construction assistance is unknown. Timings are observations, not a promise of solo reproducibility.

Typical milestones

Bot Lab1:17Middle 50%: 1:13–1:32 · n=887
Advanced Bot Lab4:15Middle 50%: 4:04–4:27 · n=881
Advanced Metal Extractor5:29Middle 50%: 5:06–5:58 · n=885

Played most by

Amrissa100games of this buildSyphos40games of this buildKOT_38games of this buildAdeus34games of this buildTeaner34games of this build
Standard tech · Armada Tech (Eco) build order · BAR Build Atlas